 Dungeon Crawl Stone Soup version 0.18.1-6-gd335043 (webtiles) character file.

924 NINUZHNO the Slasher (level 7, -2/52 HPs)
             Began as a Mummy Fighter on May 18, 2016.
             Slain by an ogre
             ... wielding a +0 giant club
              (21 damage)
             ... on level 5 of the Dungeon.
             The game lasted 00:08:11 (4643 turns).

NINUZHNO the Slasher (Mummy Fighter)                Turns: 4643, Time: 00:08:11

Health: -2/52      AC:  9    Str: 19    XL:     7   Next: 84%
Magic:  7/7        EV:  7    Int: 10    God:
Gold:   242        SH:  9    Dex: 11    Spells: 0 memorised, 6 levels left

rFire  x . .     SeeInvis .     a - +0 long sword
rCold  + . .     Gourm    .     b - +0 scale mail
rNeg   + + +     Faith    .     c - +0 shield
rPois  ∞         Spirit   .     d - +0 helmet
rElec  .         Dismiss  .     (no cloak)
rCorr  .         Reflect  .     l - +0 pair of gloves
SustAt .         Harm     .     g - +0 pair of boots
MR     .....                    (no amulet)
Stlth  ..........               (no ring)
                                (no ring)

@: not resistant to hostile enchantments, extremely unstealthy
A: no food or potions, fire vulnerability, cold resistance 1, negative energy
resistance 3, torment resistance, unbreathing
a: no special abilities


You were on level 5 of the Dungeon.
You were not hungry.

You visited 1 branch of the dungeon, and saw 6 of its levels.

You collected 242 gold pieces.

Inventory:

Hand Weapons
 a - a +0 long sword (weapon)
Missiles
 j - 2 throwing nets (quivered)
Armour
 b - a +0 scale mail (worn)
 c - a +0 shield (worn)
 d - a +0 helmet (worn)
 g - a +0 pair of boots (worn)
 l - a +0 pair of gloves (worn)
Wands
 m - a wand of confusion (31/48)
Scrolls
 e - 6 scrolls of enchant weapon
 f - a scroll of identify


   Skills:
 - Level 3.0 Fighting
 * Level 6.2 Long Blades
 - Level 2.4 Armour
 + Level 5.0 Shields


You had 6 spell levels left.
You didn't know any spells.

Dungeon Overview and Level Annotations

Branches:
Dungeon (6/15)
 Temple: D:4-7

Altars:
Dithmenos
Okawaru
Trog

Annotations:
D:3 Ijyb
D:4 Dowan; Duvessa
D:5 tschems's ghost, novice HEFi


Innate Abilities, Weirdness & Mutations

You do not eat or drink.
Your flesh is vulnerable to fire.
You are immune to poison.
Your flesh is cold resistant.
You are immune to negative energy.
You are immune to unholy pain and torment.
You can survive without breathing.


Message History

The centaur is severely wounded.
The centaur hits you! You block the quokka's attack.
You hit the centaur but do no damage.
The centaur is severely wounded.
The centaur hits you but does no damage.
The quokka closely misses you. You block the centaur's attack.
The quokka bites you but does no damage.
Your shield and scale mail prevent you from hitting the centaur.
The centaur is severely wounded.
You block the centaur's attack. The quokka barely misses you.
The centaur hits you but does no damage.
You slash the centaur!
You kill the centaur!
Your Shields skill increases to level 5!
The quokka completely misses you. The quokka bites you.
Unknown command.
You slash the ogre!
The ogre is heavily wounded.
The quokka bites you. The ogre hits you with a giant club!!
You die...

.###.#.#.# #.....#......
#............ .....#......
.....)..... #.####..#.....
#........O##
#####...r@#####.#########
#...............#.......#
#.###.#..(.######.#####.#
#.# #.#..((.......# #.#
########.###.#....########
#.# .............#.#..#
#.# .........#####.#.(##
#####.## .........#
#.##..# #......#
.........# #.##..##
#.###..#


You could see an ogre and a quokka.

Vanquished Creatures
  Pikel (D:5)
  2 slaves (D:5)
  2 centaurs (D:5)
  A hound (D:4)
  An orc wizard (D:5)
  2 giant frog skeletons
  Robin (D:3)
  4 gnolls
  4 adders
  An adder skeleton (D:4)
  A worm (D:2)
  2 dart slugs (D:1)
  3 giant geckos
  10 orcs
  A ball python (D:2)
  8 bats
  2 giant cockroaches
  13 goblins
  8 hobgoblins
  4 jackals (D:5)
  5 kobolds (D:2)
  6 quokkas
  2 giant newts (D:3)
  12 rats
96 creatures vanquished.

Vanquished Creatures (others)
  A jelly (D:5)
  An iguana (D:5)
2 creatures vanquished.

Grand Total: 98 creatures vanquished

Notes
Turn   | Place    | Note
--------------------------------------------------------------
     0 | D:1      | NINUZHNO the Mummy Fighter began the quest for the Orb.
     0 | D:1      | Reached XP level 1. HP: 18/18 MP: 1/1
    63 | D:1      | Reached skill level 2 in Long Blades
    63 | D:1      | Reached XP level 2. HP: 13/24 MP: 2/2
   738 | D:2      | Reached XP level 3. HP: 29/29 MP: 3/3
  1186 | D:2      | Reached skill level 3 in Long Blades
  1305 | D:2      | Reached XP level 4. HP: 25/35 MP: 4/4
  2068 | D:3      | Found a shadowy altar of Dithmenos.
  2149 | D:3      | Noticed Robin
  2174 | D:3      | Reached XP level 5. HP: 41/41 MP: 5/5
  2231 | D:3      | Killed Robin
  2420 | D:3      | Found a bloodstained altar of Trog.
  2427 | D:3      | Found an iron altar of Okawaru.
  2502 | D:3      | Found a faded altar to an unknown god.
  2667 | D:3      | Noticed Ijyb
  2687 | D:4      | Noticed an ogre
  2691 | D:5      | Entered Level 5 of the Dungeon
  3052 | D:5      | Noticed a slave
  3052 | D:5      | Noticed a slave
  3092 | D:5      | Killed a slave
  3101 | D:5      | Killed a slave
  3299 | D:5      | Noticed Pikel
  3300 | D:5      | Noticed a slave
  3325 | D:5      | Noticed a centaur
  3344 | D:5      | Noticed tschems's ghost (novice HEFi)
  3650 | D:5      | Noticed a slave
  3663 | D:5      | Killed Pikel
  3663 | D:5      | Reached skill level 5 in Long Blades
  3663 | D:5      | Reached XP level 6. HP: 35/47 MP: 6/6
  3663 | D:5      | Reached XP level 7. HP: 39/52 MP: 7/7
  4140 | D:4      | Reached skill level 6 in Long Blades
  4161 | D:4      | Noticed Duvessa
  4163 | D:4      | Noticed Dowan
  4642 | D:5      | Reached skill level 5 in Shields
  4643 | D:5      | Slain by an ogre

Skill      XL: |  1  2  3  4  5  6  7 |
---------------+----------------------+-----
Long Blades    | 2 3 5 6 |  6.2
Shields        | 3 4 5 |  5.0
Fighting       | |  3.0
Armour         | |  2.4

Action                   |  1- 3 |  4- 6 |  7- 9 || total
-------------------------+-------+-------+-------++-------
Melee: Long sword        |   104 |   278 |    99 ||   481
  Use: Scroll            |       |     5 |       ||     5
Armor: Scale mail        |    45 |   153 |    56 ||   254
Dodge: Dodged            |    34 |    79 |    29 ||   142
Block: Shield            |    67 |   151 |    38 ||   256
